 Dungeon Crawl Stone Soup version 0.15.0 (webtiles) character file.

482 Charly the Cudgeler (level 7, 0/41 HPs)
             Began as a Gargoyle Fighter on Aug 28, 2014.
             Slain by an orc
             ... wielding a +1 hand axe of distortion
              (11 damage)
             ... on Level 4 of the Dungeon on Aug 29, 2014.
             The game lasted 00:08:04 (596 turns).

Charly the Cudgeler (Gargoyle Fighter)               Turns: 596, Time: 00:08:04

HP   0/41        AC 16     Str 20      XL: 7   Next: 12%
MP   7/7         EV  3     Int 10      God:
Gold 107         SH  9     Dex  9      Spells:  0 memorised,  6 levels left

rFire  . . .     SeeInvis .     b - +2 flail (holy)
rCold  . . .     Clarity  .     k - +0 plate armour (curse)
rNeg   + . .     rCorr    .     c - +0 shield
rPois  +         rRot     +     (no helmet)
rElec  +         Spirit   .     (no cloak)
SustAb .         Warding  .     (no gloves)
rMut   .         Stasis   .     (no boots)
Gourm  .                        (no amulet)
MR     .....                    (no ring)
                                (no ring)

@: very slightly contaminated, not resistant to hostile enchantments, extremely
unstealthy
A: negative energy resistance 1, electricity resistance, unbreathing,
petrification resistance, rot immunity, AC +4
a: no special abilities


You were on level 4 of the Dungeon.
You were not hungry.

You visited 1 branch of the dungeon, and saw 4 of its levels.

You collected 107 gold pieces.

Inventory:

Hand weapons
 b - a +2 flail of holy wrath (weapon)
Missiles
 j - 16 poisoned needles
Armour
 c - a +0 shield (worn)
 k - a cursed +0 plate armour (worn)
Magical devices
 o - a wand of random effects (5) {unknown}
Comestibles
 a - 4 fruits
 d - 3 bread rations
 i - a beef jerky
 l - a meat ration
 n - a slice of pizza
Scrolls
 h - a scroll of blinking {unknown}
 q - a scroll of fog {unknown}
Potions
 e - a potion of cure mutation
 p - 2 potions of porridge


   Skills:
 - Level 3.2 Fighting
 + Level 7.4 Maces & Flails
 + Level 3.5 Armour
 - Level 3.2 Shields


You had 6 spell levels left.
You didn't know any spells.

Dungeon Overview and Level Annotations

Branches:
Dungeon (4/15)
 Temple: D:4-7

Altars:

Annotations:
D:4 Eustachio


Innate Abilities, Weirdness & Mutations

You are resistant to torment.
You are immune to poison.
Your stone body is very resilient (AC +4).
You resist negative energy.
You are resistant to electric shocks.
You can survive without breathing.
You are immune to petrification.
You are immune to rotting.


Message History

You closely miss the bat. The bat hits you.
* * * LOW HITPOINT WARNING * * *
You block the bat's attack.
You miss the bat. You block the bat's attack.
The bat hits you but does no damage.
You sock the bat!
You kill the bat!
The bat's corpse disappears in a puff of smoke!
You hit the orc.
The orc is heavily wounded.
The rat disappears in a puff of smoke!
The orc hits you but does no damage.
Your plate armour prevents you from hitting the orc.
The orc is heavily wounded.
You block the orc's attack.
You sock the orc!
You kill the orc!
Your shield and plate armour prevent you from hitting the orc.
The orc is moderately wounded.
The orc hits you but does no damage. Space warps horribly around you!
You die...

..####.###..(%.......#...######.#
.o)...r................#......#.#
.o#####...r......o...########%#.#
..# #########.##...# #.)... #..
#.##%..# #..... #g#g #.##...#
#..... #.#.. #.###..# #..... ...
.. #)###..#######..... ... ..g
#.@o).......##..... ... .
#####...########### ... #.....#
#.....# ##...## #...# #####


You could see an orc.

Vanquished Creatures
  Grinder (D:4)
  Edmund (D:4)
  An iron imp (D:4)
  2 worker ants (D:4)
  A hound skeleton (D:4)
  A giant mite (D:4)
  2 adders
  2 worms
  An ooze (D:3)
  5 orcs (D:4)
  5 bats
  A giant cockroach (D:3)
  3 goblins
  3 hobgoblins
  8 jackals (D:4)
  2 kobolds (D:4)
  A quokka (D:4)
  A ball python (D:2)
  A rat (D:4)
42 creatures vanquished.

Notes
Turn   | Place    | Note
--------------------------------------------------------------
     0 | D:1      | Charly, the Gargoyle Fighter, began the quest for the Orb.
     0 | D:1      | Reached XP level 1. HP: 14/14 MP: 1/1
    84 | D:2      | Reached XP level 2. HP: 8/19 MP: 2/2
   153 | D:3      | Reached XP level 3. HP: 13/23 MP: 3/3
   200 | D:4      | Noticed Grinder
   203 | D:4      | Noticed Edmund
   208 | D:4      | Reached skill level 4 in Maces & Flails
   220 | D:4      | Killed Edmund
   220 | D:4      | Reached skill level 5 in Maces & Flails
   220 | D:4      | Reached XP level 4. HP: 15/28 MP: 4/4
   220 | D:4      | Reached XP level 5. HP: 17/32 MP: 5/5
   226 | D:4      | Killed Grinder
   226 | D:4      | Reached skill level 7 in Maces & Flails
   226 | D:4      | Reached XP level 6. HP: 11/37 MP: 6/6
   319 | D:4      | Reached XP level 7. HP: 17/41 MP: 7/7
   506 | D:4      | Noticed Eustachio
   532 | D:4      | HP: 2/41 [orc/hand axe of distortion (21)]
   569 | D:4      | HP: 2/41 [quokka[Eustachio] (3)]
   596 | D:4      | Slain by an orc

Action                   |  1- 3 |  4- 6 |  7- 9 || total
-------------------------+-------+-------+-------++-------
Melee: Flail             |    57 |    21 |    99 ||   177
  Use: Potion            |     1 |       |     2 ||     3
       Scroll            |       |       |     3 ||     3
 Stab: Invisible         |       |       |     2 ||     2
